 Dungeon Crawl Stone Soup version 0.30-a0-1160-g6e42c06551 (webtiles) character file.

Game seed: 6973143901905373291

2718 hwolsky the Cleaver (level 9, -3/79 HPs)
             Began as a Minotaur Fighter on Apr 26, 2023.
             Was an Initiate of Okawaru.
             Killed by divine providence
             ... invoked by an orc priest
              (12 damage)
             ... on level 8 of the Dungeon.
             The game lasted 00:17:09 (7271 turns).

hwolsky the Cleaver (Minotaur Fighter)              Turns: 7271, Time: 00:17:11

Health: -3/79      AC: 15    Str: 26    XL:     9   Next: 39%
Magic:  8/8        EV:  7    Int:  5    God:    Okawaru [......]
Gold:   496        SH:  5    Dex:  9    Spells: 8/8 levels left

rFire   + . .        a - +1 war axe
rCold   + . .        c - +0 buckler
rNeg    . . .        m - +0 plate armour
rPois   .            l - +2 hat
rElec   .            b - scarf {rC+ rF+}
rCorr   .            (no gloves)
SInv    .            (no boots)
Will    .....        (no amulet) Stlth
                     (no ring)
HPRegen 0.33/turn    (no ring)
MPRegen 0.11/turn

%: no passive effects
@: about to teleport
A: horns 2, retaliatory headbutt, hooves 1, screaming 1, teleportitis 1
a: Renounce Religion


You were on level 8 of the Dungeon.
You worshipped Okawaru.
Okawaru was noncommittal.
You visited 2 branches of the dungeon, and saw 9 of its levels.

You collected 544 gold pieces.
You spent 48 gold pieces at shops.

Inventory:

Hand Weapons
 a - a +1 war axe (weapon)
 p - a +1 broad axe
Missiles
 f - 2 javelins (quivered)
 s - 13 poisoned darts
Armour
 b - a scarf of resistance (worn)
 c - a +0 buckler (worn)
 l - a +2 hat (worn)
 m - a +0 plate armour (worn)
Wands
 d - a wand of mindburst (14)
 q - a wand of flame (10)
Scrolls
 g - 3 scrolls of identify
 n - a scroll of teleportation
Potions
 e - 5 potions of flight
 h - a potion of might
 i - a potion of invisibility
 j - a potion of berserk rage
 k - a potion of brilliance
 o - a potion of curing
 r - a potion of cancellation


   Skills:
 + Level 7.2 Fighting
 * Level 9.4 Axes
 + Level 4.9 Throwing
 + Level 7.3 Armour
 + Level 7.3 Shields


You had 8 spell levels left.
You didn't know any spells.
Your spell library contained the following spells:

 Spells                   Type           Power      Damage    Failure   Level
 Beastly Appendage        Tmut           0%         N/A       100%        1
 Sublimation of Blood     Necr           0%         N/A       100%        2
 Wereblood                Tmut           0%         N/A       100%        2
 Frozen Ramparts          Ice            0%         1d1       100%        3
 Hailstorm                Conj/Ice       0%         3d3       100%        3
 Spider Form              Tmut/Pois      0%         N/A       100%        3
 Ice Form                 Ice/Tmut       0%         N/A       100%        4
 Summon Ice Beast         Ice/Summ       Unusable   N/A       N/A         4
 Simulacrum               Ice/Necr       Unusable   N/A       N/A         6
 Summon Hydra             Summ           Unusable   N/A       N/A         7

Dungeon Overview and Level Annotations

Branches:
Dungeon (8/15)             Temple (1/1) D:7            Lair (0/5) D:8

Altars:
Ashenzari
Cheibriados
Dithmenos
Fedhas
Gozag
Hepliaklqana
Kikubaaqudgha
Nemelex Xobeh
Okawaru
Qazlal
Uskayaw
Vehumet
Xom
Yredelemnul
The Shining One

Shops:
D:2 ?   D:4 :


Innate Abilities, Weirdness & Mutations

You have a pair of horns on your head.
You reflexively headbutt those who attack you in melee.
You have large cloven feet.
You occasionally shout uncontrollably at your foes.
You are occasionally teleported next to monsters.


Message History

The warg pauses to sniff the ground.
You slice the warg!! Your kick misses the warg. Your headbutt misses the warg.
The warg is almost dead.
The centaur shoots an arrow.
The arrow barely misses you. The warg barely misses you.
You furiously retaliate!
You headbutt the warg.
The orc priest casts a cantrip, but nothing happens.
The centaur shoots an arrow.
You block the arrow.
You closely miss the warg. Your headbutt misses the warg.
The warg is almost dead.
The orc priest mumbles some strange prayers to Beogh against you.
Beogh smites you!
You hit the warg. You kick the warg, but do no damage.
Your headbutt misses the warg.
The warg is lightly wounded.
You hit the warg.
You kill the warg!
Okawaru accepts your kill. The warg bites you but does no damage.
The centaur shoots an arrow.
The arrow hits you!
* * * LOW HITPOINT WARNING * * *
You block the warg's attack.
You slash the warg!
The warg is moderately wounded.
The centaur shoots an arrow.
The arrow hits you.
* * * LOW HITPOINT WARNING * * *
You block the warg's attack.
Unknown command.
You feel better.
The centaur shoots an arrow.
You block the arrow. The warg bites you but does no damage.
The orc priest invokes the aid of Beogh against you.
Beogh smites you!
* * * LOW HITPOINT WARNING * * *
The centaur shoots an arrow.
The arrow hits you but does no damage.
As you read the scroll of teleportation, it crumbles to dust.
You feel strangely unstable. The warg bites you but does no damage.
The centaur shoots an arrow.
The arrow hits you.
* * * LOW HITPOINT WARNING * * *
The orc priest calls down the wrath of Beogh upon you.
Beogh smites you!
You die...

. c## ... #.
#.#### ##...
.###.c..# #.....
........##..$...
#<#oo.....
#@hoo....>
###oo.P...
#...... #.....
##... #.


You could see a warg, an orc warrior, a centaur, 3 orc priests and 2 orcs.

Vanquished Creatures
  A steam dragon (D:8)
  A warg (D:8)
  Menkaure (D:4)
  An ice beast (D:6)
  2 orc warriors
  4 black bears
  A sky beast (D:7)
  A hornet zombie (D:6)
  An ogre (D:5)
  3 centaurs
  3 phantoms
  A kobold brigand (D:7)
  A bullfrog (D:6)
  3 scorpions
  3 howler monkeys
  A bullfrog zombie (D:6)
  6 hounds
  An orc priest (D:6)
  A jelly (D:6)
  3 iguanas
  3 orc wizards
  3 adders
  A shadow imp (D:7)
  2 white imps
  An ufetubus (D:7)
  3 dart slugs
  21 orcs
  6 endoplasms
  2 giant cockroaches
  4 goblins
  6 hobgoblins
  3 jackals (D:3)
  10 kobolds
  6 quokkas
  7 ball pythons
  4 bats
  3 frilled lizards
  9 rats
133 creatures vanquished.

Notes
Turn   | Place    | Note
-------+----------+-------------------------------------------
     0 | D:1      | hwolsky the Minotaur Fighter began the quest for the Orb.
     0 | D:1      | Reached XP level 1. HP: 19/19 MP: 0/0
   456 | D:1      | Reached XP level 2. HP: 24/27 MP: 1/1
   524 | D:1      | Reached skill level 3 in Axes
  1118 | D:2      | Reached XP level 3. HP: 28/33 MP: 2/2
  1257 | D:2      | Found Boetub's Magic Scroll Shoppe.
  1265 | D:2      | Bought a scroll of identify for 24 gold pieces
  1265 | D:2      | Bought a scroll of identify for 24 gold pieces
  1567 | D:2      | Found a blossoming altar of Fedhas.
  1963 | D:3      | Reached XP level 4. HP: 31/40 MP: 3/3
  3002 | D:4      | Reached skill level 4 in Axes
  3002 | D:4      | Reached skill level 1 in Throwing
  3020 | D:4      | Noticed Menkaure
  3036 | D:4      | Killed Menkaure
  3037 | D:4      | Reached XP level 5. HP: 13/47 MP: 4/4
  3205 | D:4      | Found Paut's Self-Improvement Boutique.
  3216 | D:4      | Noticed a black bear
  3221 | D:4      | Reached XP level 6. HP: 53/53 MP: 5/5
  3226 | D:4      | Reached skill level 5 in Axes
  3226 | D:4      | Reached skill level 5 in Armour
  3389 | D:4      | HP: 2/55 [something/magic dart (2)]
  3400 | D:4      | Reached skill level 5 in Fighting
  3617 | D:4      | Reached skill level 5 in Shields
  3841 | D:4      | Gained mutation: You are occasionally teleported next to
                  | monsters. [potion of mutation]
  3841 | D:4      | Gained mutation: You occasionally shout uncontrollably at
                  | your foes. [potion of mutation]
  3841 | D:4      | Gained mutation: You have large cloven feet. [potion of
                  | mutation]
  3905 | D:5      | Entered Level 5 of the Dungeon
  4038 | D:5      | Reached XP level 7. HP: 57/61 MP: 6/6
  4058 | D:5      | Found a hide-covered altar of Uskayaw.
  4070 | D:5      | Identified the +0 ring mail "Tunk" {Slay+2}
  4178 | D:5      | Reached skill level 6 in Axes
  4540 | D:5      | Found a shimmering altar of Xom.
  4825 | D:5      | Reached XP level 8. HP: 63/70 MP: 7/7
  5105 | D:6      | Reached skill level 7 in Axes
  5331 | D:6      | Found a basalt altar of Yredelemnul.
  5593 | D:6      | Reached skill level 8 in Axes
  5995 | D:7      | Found an ancient bone altar of Kikubaaqudgha.
  6285 | D:7      | Reached XP level 9. HP: 60/78 MP: 8/8
  6535 | D:7      | Reached skill level 9 in Axes
  6891 | D:7      | Found a staircase to the Ecumenical Temple.
  6897 | Temple   | Entered the Ecumenical Temple
  7127 | Temple   | Became a worshipper of Warmaster Okawaru
  7258 | D:8      | Found a staircase to the Lair.
  7271 | D:8      | Killed from afar by an orc priest

Illustrated notes

Levels and vault maps discovered:
D:1:      dpeg_arrival_ratfight, layout_basic
D:2:      layout_loops_corners, serial_shops, nicolae_shop_just_a_little_nook,
          basic_altar
D:3:      layout_basic
D:4:      layout_basic, nicolae_shop_self_help, uniq_menkaure
D:5:      layout_loops_ring, nicolae_uskayaw_murder_on_the_dancefloor,
          mainiacjoe_overflow_tiny_flanked
D:6:      layout_gridville, lemuel_zombie_altar_yredelemnul
D:7:      layout_basic, amcnicky_altar_gilded, minmay_temple_entry_nine_rooms,
          roderic_roman_lattice
D:8:      layout_loops_ring, mainiacjoe_overflow_concentric_impassable,
          erik_lair_orcish_takeover, minmay_manual_moon, uniq_maggie
Temple:   dpeg_chambers_temple

Skill      XL: |  1  2  3  4  5  6  7  8  9 |
---------------+----------------------------+-----
Axes           | 3 4 5 6 8 9 |  9.4
Fighting       | 4 5 6 7 |  7.2
Armour         | 4 5 6 7 |  7.3
Shields        | 4 5 6 7 |  7.3
Throwing       | 1 2 3 4 |  4.9

Action                     |  1- 3 |  4- 6 |  7- 9 || total
---------------------------+-------+-------+-------++-------
  Melee: War axe           |    96 |    90 |   145 ||   331
         Headbutt          |     8 |     7 |    26 ||    41
         Kick              |       |       |    44 ||    44
         Broad axe         |       |       |    11 ||    11
  Throw: Javelin           |       |     6 |       ||     6
    Use: Scroll            |     6 |     2 |     5 ||    13
         Potion            |     3 |     8 |     4 ||    15
 Armour: Scale mail        |    52 |     3 |       ||    55
         Ring mail         |       |    38 |    36 ||    74
         Plate armour      |       |       |    64 ||    64
  Dodge: Dodged            |    48 |    45 |    78 ||   171
  Block: Buckler           |    32 |    16 |    43 ||    91

Table legend: (Time is in decaauts)
 A = Elapsed time spent in this place.
 B = Non-inter-level travel time spent in this place.
 C = Inter-level travel time spent in this place.
 D = Time resting spent in this place.
 E = Time spent auto-exploring this place.
 F = Levels seen in this place.
 G = Mean time per level.
                   A        B        C        D        E       F      G
               +--------+--------+--------+--------+--------+-----+--------+
         Total |   7363 |   7034 |    329 |    426 |   5157 |   9 |  818.1 |
       Dungeon |   7111 |   6822 |    289 |    426 |   4955 |   8 |  888.9 |
        Temple |    251 |    211 |     40 |      0 |    202 |   1 |  251.0 |
               +--------+--------+--------+--------+--------+-----+--------+

Top non-repeatable levels by time:
     D:5: 1130 daAuts
     D:4: 1092 daAuts
     D:7: 1014 daAuts
     D:3: 986 daAuts
     D:6: 976 daAuts
     D:1: 964 daAuts
     D:2: 932 daAuts
  Temple: 251 daAuts
     D:8: 15 daAuts
